 Dungeon Crawl Stone Soup version 0.26-a0-784-g51bffae0b1 (webtiles) character file.

Game seed: 18002585795048776780

1534 Froggeryz the Grappler (level 8, -13/72 HPs)
             Began as a Naga Transmuter on Nov 10, 2020.
             Killed from afar by Maggie (27 damage)
             ... with a bolt of fire
             ... on level 6 of the Dungeon.
             The game lasted 00:11:33 (7028 turns).

Froggeryz the Grappler (Naga Transmuter)            Turns: 7028, Time: 00:11:33

Health: -13/72     AC:  5    Str: 13    XL:     8   Next: 86%
Magic:  11/11      EV: 10    Int: 15    God:
Gold:   282        SH:  0    Dex: 12    Spells: 5/11 levels left

rFire    . . .     SeeInvis +     - Unarmed
rCold    . . .     Faith    .   (no shield)
rNeg     . . .     Spirit   .   a - +0 robe
rPois    +         Reflect  .   (helmet currently unavailable)
rElec    .         Harm     .   o - +0 cloak
rCorr    .         Rampage  .   p - +0 pair of gloves
MR       ++...                  (no barding)
Stlth    +.........             (no amulet)
HPRegen  0.22/turn              b - ring of protection from magic
MPRegen  0.12/turn              (no ring)

@: appendages (expiring), flying, very slow
A: large, horns 2, see invisible, deformed body, poison resistance, slowness 2,
spit poison 1, AC +2
a: Spit Poison, End Transformation


You were on level 6 of the Dungeon.
You had grown temporary horns.
You visited 2 branches of the dungeon, and saw 7 of its levels.

You collected 282 gold pieces.

Inventory:

Armour
 a - a +0 robe (worn)
 o - a +0 cloak (worn)
 p - a +0 pair of gloves (worn)
 x - a +0 barding (melded)
Jewellery
 b - a ring of protection from magic (left hand)
 t - an uncursed amulet of inaccuracy
 v - an uncursed amulet of regeneration {unknown}
Wands
 j - a wand of disintegration (10)
 r - a wand of flame (12)
 w - a wand of random effects (7)
Scrolls
 c - a scroll of immolation
 e - 3 scrolls of remove curse
 f - 4 scrolls of enchant weapon
 h - a scroll of fear
 i - a scroll of enchant armour {unknown}
 s - a scroll of random uselessness {unknown}
 u - a scroll of amnesia {unknown}
 y - a scroll of noise {unknown}
Potions
 k - a potion of mutation {unknown}
 l - a potion of attraction
 m - 2 potions of lignification
 n - a potion of curing {unknown}
 q - a potion of haste


   Skills:
 + Level 4.1 Fighting
 - Level 1.5 Dodging
 * Level 8.7 Unarmed Combat
 - Level 2.0 Spellcasting
 + Level 6.0 Transmutations


You had 5 spell levels left.
You knew the following spells:

 Your Spells              Type           Power        Failure   Level
a - Beastly Appendage     Tmut           ###...       1%          1
b - Blink                 Tloc           N/A          32%         2
c - Spider Form           Tmut/Pois      ##........   19%         3

Your spell library contained the following spells:

 Spells                   Type           Power        Failure   Level
 Wereblood                Tmut           ###.....     2%          2
 Magic Dart               Conj           #...         22%         1
 Call Imp                 Summ           #.......     32%         2
 Slow                     Hex            #.......     32%         2
 Blade Hands              Tmut           ###.......   45%         5
 Conjure Flame            Conj/Fire      #.......     54%         3
 Mephitic Cloud           Conj/Pois/Air  #.......     54%         3
 Ice Form                 Ice/Tmut       ##......     54%         4


Dungeon Overview and Level Annotations

Branches:
Dungeon (6/15)             Temple (1/1) D:4

Altars:
Dithmenos
Elyvilon
Fedhas
Hepliaklqana
Kikubaaqudgha
Makhleb
Nemelex Xobeh
Qazlal
Ru
Sif Muna
Trog
Uskayaw
Vehumet
Wu Jian
Xom
Yredelemnul
Zin
The Shining One

Annotations:
D:6 Maggie


Innate Abilities, Weirdness & Mutations

You cannot wear boots.
Your serpentine skin is tough. (AC +2)
You have supernaturally acute eyesight. (SInv)
Armour fits poorly on your strangely shaped body.
Your system is resistant to poisons. (rPois)
You cover ground very slowly.
You can spit poison.
You have a pair of horns on your head.


Message History

Press: ? - help, Shift-Dir - straight line, f/p - Maggie
Aim: Maggie, wielding a +0 broad axe and wearing +0 acid dragon scales (lightly wounded, chance to defeat MR: 46%) Maggie resists with some effort.
Maggie casts a spell.
Maggie attempts to bespell you! You resist with almost no effort.
Evoke which item? (* to show all) (? for menu, Esc to quit)
Aiming: Paralyse
Press: ? - help, Shift-Dir - straight line, f/p - Maggie
Aim: Maggie, wielding a +0 broad axe and wearing +0 acid dragon scales (lightly wounded, chance to defeat MR: 46%) Maggie resists with some effort.
The now-empty wand crumbles to dust.
Maggie points at you and mumbles some strange words.
The bolt of fire hits you!!
* * * LOW HITPOINT WARNING * * *
It was a potion of flight.
You feel very buoyant.
You fly up into the air.
Your transformation is almost over.
Maggie casts a spell at you. The bolt of fire hits you!!
You die...

#...._.....#
#.#.....#..##
###........[..###
...#.⌠.⌠.#..... #
#...........####$#
#.#.....#........#
#.............$..#
####....#.)...#.#
#....#..@(...#
#....#@#######
##...... #####..
....# ..#.# #..#..
#..


You could see Maggie.

Vanquished Creatures
  A two-headed ogre (D:5)
  An ice beast (D:5)
  2 ogres
  2 hounds (D:4)
  A bullfrog skeleton (D:5)
  An orc priest (D:2)
  A centaur skeleton (D:4)
  Ijyb (D:3)
  An iguana (D:5)
  2 orc wizards
  3 worker ants (D:5)
  2 worker ant zombies
  11 gnolls
  5 adders
  A shadow imp (D:5)
  4 oozes
  An adder skeleton (D:4)
  3 worms
  3 dart slugs
  A leopard gecko (D:3)
  11 orcs
  7 giant cockroaches
  6 hobgoblins
  13 jackals
  6 kobolds
  2 quokkas (D:4)
  5 ball pythons
  8 bats
  A frilled lizard (D:4)
  12 goblins
  A jackal skeleton (D:5)
  4 rats
123 creatures vanquished.

Notes
Turn   | Place    | Note
-------+----------+-------------------------------------------
     0 | D:1      | Froggeryz the Naga Transmuter began the quest for the Orb.
     0 | D:1      | Reached XP level 1. HP: 18/18 MP: 3/3
   216 | D:1      | Reached XP level 2. HP: 22/25 MP: 5/5
   430 | D:1      | Reached XP level 3. HP: 26/31 MP: 6/6
  1116 | D:2      | Reached skill level 4 in Unarmed Combat
  1663 | D:3      | Reached XP level 4. HP: 38/38 MP: 7/7
  1953 | D:2      | Reached XP level 5. HP: 29/44 MP: 6/8
  2595 | D:3      | Learned a level 2 spell: Blink
  2796 | D:3      | Reached skill level 5 in Unarmed Combat
  2975 | D:3      | HP: 2/44 [gnoll/+0 spear (4)]
  3326 | D:3      | Reached XP level 6. HP: 30/51 MP: 7/9
  3533 | D:3      | Noticed Ijyb
  3543 | D:3      | Killed Ijyb
  3726 | D:3      | Found a faded altar of an unknown god.
  4171 | D:4      | Reached skill level 6 in Unarmed Combat
  4728 | D:4      | Learned a level 3 spell: Spider Form
  4907 | D:4      | Reached XP level 7. HP: 11/57 MP: 8/10
  5606 | D:4      | Found a basalt altar of Yredelemnul.
  5648 | D:4      | Found a staircase to the Ecumenical Temple.
  5655 | Temple   | Entered the Ecumenical Temple
  5829 | D:5      | Entered Level 5 of the Dungeon
  5978 | D:5      | Reached skill level 7 in Unarmed Combat
  6264 | D:5      | Reached skill level 5 in Transmutations
  6366 | D:5      | Reached XP level 8. HP: 30/68 MP: 11/11
  6659 | D:5      | Noticed a two-headed ogre
  6671 | D:5      | Killed a two-headed ogre
  6671 | D:5      | Reached skill level 8 in Unarmed Combat
  6761 | D:5      | Found a shadowy altar of Dithmenos.
  7007 | D:6      | Found a white marble altar of Elyvilon.
  7007 | D:6      | Noticed Maggie
  7028 | D:6      | Killed from afar by Maggie

Illustrated notes

Levels and vault maps discovered:
D:1:      eino_arrival_cavern_d, layout_basic
D:2:      layout_loops_cross
D:3:      layout_loops_cross, chequers_ecumenical_altar_island,
          saegor_snake_ambush, uniq_ijyb
D:4:      layout_rooms, kennysheep_little_box,
          minmay_temple_entry_enclosed_plants, minmay_between
D:5:      layout_loops_ring, nicolae_overflow_hidden_temple
D:6:      layout_basic, elyvilon_altar_5, uniq_maggie
Temple:   regret_index_temple_waves

Skill      XL: |  1  2  3  4  5  6  7  8 |
---------------+-------------------------+-----
Unarmed Combat | 4 5 6 7 8 |  8.7
Transmutations | 3 4 5 6 |  6.0
Fighting       | 2 4 |  4.1
Dodging        | |  1.5
Spellcasting   | |  2.0

Action                   |  1- 3 |  4- 6 |  7- 9 || total
-------------------------+-------+-------+-------++-------
Melee: Unarmed           |    83 |   225 |   113 ||   421
       Headbutt          |       |    14 |     7 ||    21
       Punch             |       |     1 |     4 ||     5
 Cast: Beastly Appendage |     4 |    19 |     7 ||    30
       Spider Form       |       |       |     1 ||     1
 Abil: Spit Poison       |    21 |    35 |    16 ||    72
Evoke: Wand              |       |       |    11 ||    11
  Use: Potion            |       |     4 |     1 ||     5
       Scroll            |       |     3 |     1 ||     4
 Stab: Sleeping          |     1 |     2 |       ||     3
       Paralysed         |       |       |     6 ||     6
Armor: Robe              |    19 |    69 |    26 ||   114
       Skin              |       |     3 |       ||     3
Dodge: Dodged            |    62 |   115 |    44 ||   221

Table legend: (Time is in decaauts)
 A = Elapsed time spent in this place.
 B = Non-inter-level travel time spent in this place.
 C = Inter-level travel time spent in this place.
 D = Time resting spent in this place.
 E = Time spent auto-exploring this place.
 F = Levels seen in this place.
 G = Mean time per level.
                   A        B        C        D        E       F      G
               +--------+--------+--------+--------+--------+-----+--------+
         Total |   8141 |   7846 |    295 |   1761 |   4899 |   7 | 1163.0 |
       Dungeon |   7971 |   7698 |    273 |   1761 |   4754 |   6 | 1328.5 |
        Temple |    169 |    147 |     22 |      0 |    145 |   1 |  169.0 |
               +--------+--------+--------+--------+--------+-----+--------+

Top non-repeatable levels by time:
     D:3: 2783 daAuts
     D:5: 1396 daAuts
     D:4: 1374 daAuts
     D:1: 1241 daAuts
     D:2: 1153 daAuts
  Temple: 169 daAuts
     D:6: 22 daAuts
